 Dungeon Crawl Stone Soup version 0.24.0-13-gcf9b319 (webtiles) character file.

Game seed: 11255532233265838270, levelgen mode: deterministic

4 Boetheseconed the Scratcher (level 1, 0/9 HPs)
             Began as a Felid Transmuter on Nov 26, 2019.
             Slain by a hobgoblin
             ... wielding a +0 club
              (3 damage)
             ... on level 1 of the Dungeon.
             The game lasted 00:00:53 (328 turns).

Boetheseconed the Scratcher (Felid Transmuter)       Turns: 328, Time: 00:00:54

Health: 0/9        AC:  1    Str:  6    XL:     1   Next: 58%
Magic:  3/4        EV: 18    Int: 14    God:
Gold:   39         SH:  0    Dex: 16    Spells: 3/4 levels left
                                        Lives:  0   Deaths: 0

rFire    . . .     SeeInvis +     - Unarmed
rCold    . . .     Gourm    .   (shield unavailable)
rNeg     . . .     Faith    .   (armour unavailable)
rPois    .         Spirit   .   (helmet unavailable)
rElec    .         Reflect  .   (cloak unavailable)
rCorr    .         Harm     .   (gloves unavailable)
MR       .....                  (boots unavailable)
Stlth    ++........             (no amulet)
HPRegen  0.03/turn              (no ring)
MPRegen  0.09/turn              (no ring)

@: appendage (expiring), quick
A: very small, no armour, no weapons or thrown items, stealth, claws 1, fangs 3,
horns 2, see invisible, carnivore, speed 1, shaggy fur 1, slow metabolism 1,
sharp paws
a: End Transformation


You were on level 1 of the Dungeon.
You were very full.
You had grown temporary horns.
You visited 1 branch of the dungeon, and saw 1 of its levels.

You collected 39 gold pieces.

Inventory:

Missiles
 a - 12 arrows
Scrolls
 b - 2 scrolls of identify {unknown}
 e - 2 scrolls of enchant weapon {unknown}
 f - a scroll of fear {unknown}
 h - a scroll of fog {unknown}
Potions
 d - a potion of resistance {unknown}
 g - 2 potions of ambrosia {unknown}
Comestibles
 c - a ration


   Skills:
 + Level 1.0 Fighting
 + Level 2.7 Dodging
 + Level 3.0 Unarmed Combat
 + Level 2.1 Spellcasting
 + Level 2.3 Transmutations


You had 3 spell levels left.
You knew the following spells:

 Your Spells              Type           Power        Failure   Level  Hunger
a - Beastly Appendage     Tmut           #.....       9%          1    #......

Your spell library contained the following spells:

 Spells                   Type           Power        Failure   Level  Hunger
 Sticks to Snakes         Tmut           #.......     13%         2    ###....
 Spider Form              Tmut/Pois      #.........   41%         3    ###....
 Ice Form                 Ice/Tmut       #.......     82%         4    #####..
 Blade Hands              Tmut           #.........   94%         5    ######.


Dungeon Overview and Level Annotations

Branches:
Dungeon (1/15)

Altars:


Innate Abilities, Weirdness & Mutations

You cannot wear armour.
You are incapable of wielding weapons or throwing items.
Your paws allow you to move quietly. (Stealth)
You have sharp claws.
You have razor-sharp teeth.
You have supernaturally acute eyesight. (SInv)
You are carnivorous and can eat meat at any time.
You cover ground quickly.
You are covered in fur. (AC +1)
You have a slow metabolism.
Your sharp claws are effective at attacking unaware monsters.
You have a pair of horns on your head.


Message History

Your headbutt misses the hobgoblin.
The hobgoblin is heavily wounded.
The bat completely misses you. The hobgoblin closely misses you.
You closely miss the hobgoblin.
The hobgoblin is heavily wounded.
The hobgoblin hits you with a +0 club.
Ouch! That really hurt!
The bat completely misses you.
You closely miss the hobgoblin.
The hobgoblin is heavily wounded.
Your transformation is almost over.
The bat hits you. The hobgoblin misses you.
You barely miss the hobgoblin. Your headbutt misses the hobgoblin.
The hobgoblin is heavily wounded.
The bat misses you. The bat closely misses you.
The hobgoblin completely misses you.
You closely miss the hobgoblin.
The hobgoblin is heavily wounded.
The bat misses you. The hobgoblin hits you with a +0 club.
You die...

########## ###########
.........# #.........#
.........####...@g....#
.......)....'...b.....#
.........####.........#
########'####...........
#.......########....
#.......# .... #.......#
... #.......# ..
#.......# #####


You could see a hobgoblin and a bat.

Vanquished Creatures
  2 goblins (D:1)
  2 kobolds (D:1)
4 creatures vanquished.

Notes
Turn   | Place    | Note
-------+----------+-------------------------------------------
     0 | D:1      | Boetheseconed the Felid Transmuter began the quest for the
                  | Orb.
     0 | D:1      | Reached XP level 1. HP: 9/9 MP: 4/4
   328 | D:1      | Slain by a hobgoblin

Levels and vault maps discovered:
D:1:      mrwooster_arrival_statue_3, layout_basic, hex_medium

Action                   || total
-------------------------++-------
Melee: Unarmed           ||    12
       Headbutt          ||     1
 Cast: Beastly Appendage ||     5
 Stab: Sleeping          ||     1
  Eat: Chunk             ||     4
Dodge: Dodged            ||    12
